 Dungeon Crawl Stone Soup version 0.27-a0-899-ge2d0b17c59 (webtiles) character file.

Game seed: 15780711303689706985

14 spiderkeys the Cutter (level 2, 0/28 HPs)
             Began as a Kobold Berserker on Apr 6, 2021.
             Was a Follower of Trog.
             Slain by a gnoll
             ... wielding a +0 club
              (4 damage)
             ... on level 1 of the Dungeon.
             The game lasted 00:00:32 (702 turns).

spiderkeys the Cutter (Kobold Berserker)             Turns: 702, Time: 00:00:32

Health: 0/28       AC:  2    Str: 14    XL:     2   Next: 55%
Magic:  2/2        EV: 15    Int:  8    God:    Trog [*.....]
Gold:   7          SH:  0    Dex: 14    Spells: 1/1 levels left

rFire    . . .     SeeInvis .   a - +0 short sword
rCold    . . .     Faith    .   (shield restricted)
rNeg     . . .     Spirit   .   b - +0 animal skin
rPois    .         Reflect  .   (no helmet)
rElec    .         Harm     .   (no cloak)
rCorr    .         Rampage  .   (no gloves)
Will     .....                  (no boots)
Stlth    ..........             (no amulet)
HPRegen  0.09/turn              (no ring)
MPRegen  0.08/turn              (no ring)

@: berserking, very quick
A: small, no large weapons, nightstalker 3
a: Renounce Religion, Berserk


You were on level 1 of the Dungeon.
You worshipped Trog.
Trog was aware of your devotion.
You visited 1 branch of the dungeon, and saw 1 of its levels.

You collected 7 gold pieces.

Inventory:

Hand Weapons
 a - a +0 short sword (weapon)
Armour
 b - a +0 animal skin (worn)
Scrolls
 c - a scroll of noise {unknown}
 d - a scroll of identify {unknown}
Potions
 e - a potion of brilliance {unknown}


   Skills:
 + Level 3.4 Fighting
 + Level 4.2 Short Blades
 - Level 1.5 Armour
 + Level 2.7 Dodging
 * Level 1.8 Stealth


You had one spell level left.
You didn't know any spells.
Your spell library was empty.

Dungeon Overview and Level Annotations

Branches:
Dungeon (1/15)

Altars:


Innate Abilities, Weirdness & Mutations

You are small and have problems with some larger weapons.
You are completely attuned to the shadows.


Message History

No target in view!
Things that are here:
a +0 dagger; a stone
Found a robe.
You see here a +0 robe.
e - a fuming brown potion You open the door.
There is an open door here.
There is an open door here.
You open the door.
There is an open door here.
You open the door.
There is an open door here.
There is an open door here.
There is an open door here.
There is an open door here.
A gnoll comes into view. It is wielding a +0 club.
The gnoll shouts!
You hear an angry hiss.
The gnoll barely misses you.
You hit the gnoll.
The gnoll is lightly wounded.
The gnoll completely misses you.
You closely miss the gnoll.
The gnoll is lightly wounded.
The gnoll hits you with a +0 club!
You hit the gnoll.
The gnoll is heavily wounded.
The gnoll hits you with a +0 club.
A frilled lizard comes into view.
You hit the gnoll.
The gnoll is severely wounded.
The gnoll misses you.
You hit the gnoll.
The gnoll is severely wounded.
The gnoll hits you with a +0 club!
* * * LOW HITPOINT WARNING * * *
A red film seems to cover your vision as you go berserk!
You feel yourself moving faster!
You feel mighty! The gnoll hits you with a +0 club.
You die...

##.###...####.
##. #.###.##
##..## ##
#.....# #....
# #.###.##
##.#.##
##.###..#.##
....#.........
###.#####.#.##
.#.####.#.# .#
#.lg@...#
#.####..... #.
###### #


You could see a gnoll and a frilled lizard.

Vanquished Creatures
  A dart slug (D:1)
  2 ball pythons (D:1)
  A giant cockroach (D:1)
  A goblin (D:1)
  A hobgoblin (D:1)
  2 bats (D:1)
  3 kobolds (D:1)
  A rat (D:1)
12 creatures vanquished.

Notes
Turn   | Place    | Note
-------+----------+-------------------------------------------
     0 | D:1      | spiderkeys the Kobold Berserker began the quest for the
                  | Orb.
     0 | D:1      | Reached XP level 1. HP: 14/14 MP: 1/1
   300 | D:1      | Reached skill level 1 in Stealth
   318 | D:1      | Reached XP level 2. HP: 19/19 MP: 2/2
   702 | D:1      | Slain by a gnoll

Illustrated notes

Levels and vault maps discovered:
D:1:      dpeg_arrival_another_circle, layout_loops_ring, st_stairs_14

Skill      XL: |  1 |
---------------+----+-----
Stealth        | 1 |  1.8
Fighting       | |  3.4
Short Blades   | |  4.2
Armour         | |  1.5
Dodging        | |  2.7

Action                   || total
-------------------------++-------
Melee: Short sword       ||    34
Invok: Berserk           ||     1
 Stab: Sleeping          ||     2
Armor: Animal skin       ||     1
Dodge: Dodged            ||    21

Table legend: (Time is in decaauts)
 A = Elapsed time spent in this place.
 B = Non-inter-level travel time spent in this place.
 C = Inter-level travel time spent in this place.
 D = Time resting spent in this place.
 E = Time spent auto-exploring this place.
 F = Levels seen in this place.
 G = Mean time per level.
                   A        B        C        D        E       F      G
               +--------+--------+--------+--------+--------+-----+--------+
         Total |    698 |    698 |      0 |      0 |    623 |   1 |  698.0 |
       Dungeon |    698 |    698 |      0 |      0 |    623 |   1 |  698.0 |
               +--------+--------+--------+--------+--------+-----+--------+

Top non-repeatable levels by time:
     D:1: 698 daAuts
